 Dungeon Crawl Stone Soup version 0.29.1-2-gbd0b4ee654 (webtiles) character file.

Game seed: 4470402716521493110

345 zeram the Caller (level 6, -1/53 HPs)
             Began as a Troll Summoner on Nov 2, 2022.
             Slain by a hornet (16 damage)
             ... on level 4 of the Dungeon.
             The game lasted 00:05:24 (2247 turns).

zeram the Caller (Troll Summoner)                   Turns: 2247, Time: 00:05:25

Health: -1/53      AC:  4    Str: 17    XL:     6   Next: 32%
Magic:  3/6        EV: 11    Int: 13    God:
Gold:   238        SH:  5    Dex: 16    Spells: 1/7 levels left

rFire   . . .      SeeInvis .   n - +0 mace
rCold   . . .      Faith    .   (no shield)
rNeg    . . .      Spirit   .   a - +0 robe
rPois   .          Reflect  +   (helmet restricted)
rElec   .          Harm     .   g - scarf {+Inv}
rCorr   .          Rampage  .   (gloves unavailable)
Will    .....                   (boots unavailable)
Stlth   ++........              p - amulet of reflection
HPRegen 0.97/turn               f - +6 ring of dexterity
MPRegen 0.10/turn               (no ring)

@: slowed, very slow
A: large, unfitting armour, claws 3, regeneration 1, shaggy fur 1, tough skin 1
a: Evoke Invisibility


You were on level 4 of the Dungeon.
You visited 1 branch of the dungeon, and saw 4 of its levels.

You collected 238 gold pieces.

Inventory:

Hand Weapons
 k - a +0 club
 n - a +0 mace (weapon)
Armour
 a - a +0 robe (worn)
 g - a scarf of invisibility (worn)
Jewellery
 f - a +6 ring of dexterity (left claw)
 p - an amulet of reflection (around neck)
 u - an amulet of magic regeneration
Wands
 i - a wand of acid (1)
 m - a wand of iceblast (7)
Scrolls
 o - a scroll of magic mapping {unknown}
 q - 3 scrolls of identify
 r - a scroll of poison {unknown}
 s - a scroll of butterflies
 v - a scroll of blinking {unknown}
 w - a scroll of amnesia {unknown}
Potions
 b - 2 potions of magic
 c - a potion of cancellation
 d - a potion of degeneration {unknown}
 e - 2 potions of mutation
 h - 3 potions of attraction {unknown}
 l - a potion of lignification
 t - a potion of invisibility {unknown}


   Skills:
 + Level 0.4 Maces & Flails
 + Level 3.6 Dodging
 - Level 1.0 Stealth
 - Level 1.2 Spellcasting
 + Level 4.8 Summonings
 - Level 0.1 Evocations


You had one spell level left.
You knew the following spells:

 Your Spells              Type           Power      Damage    Failure   Level
a - Summon Small Mammal   Summ           52%        N/A       3%          1
b - Call Imp              Summ           13%        N/A       6%          2
c - Call Canine Familiar  Summ           13%        N/A       12%         3

Your spell library contained the following spells:

 Spells                   Type           Power      Damage    Failure   Level
 Summon Guardian Golem    Hex/Summ       7%         N/A       30%         3
 Portal Projectile        Hex/Tloc       0%         N/A       63%         3
 Summon Lightning Spire   Summ/Air       7%         N/A       71%         4
 Leda's Liquefaction      Hex/Erth       0%         N/A       95%         4


Dungeon Overview and Level Annotations

Branches:
Dungeon (4/15)
 Temple: D:4-7

Altars:

Annotations:
D:3 1 runed translucent door, Grinder; jujuben's ghost, amateur OpAE
D:4 1 runed translucent door, Crazy Yiuf


Innate Abilities, Weirdness & Mutations

You are too large for most types of armour.
You have claws for hands.
Your natural rate of healing is unusually fast.
You are covered in fur. (AC +1)
You have tough skin. (AC +1)


Message History

You now have 238 gold pieces (gained 20).
A hornet comes into view.
A hornet is nearby!
A hornet is nearby!
A hornet is nearby!
Found a stone staircase leading down.
The hornet buzzes angrily.
The hornet stings you.
You suddenly lose the ability to move!
The hornet stings you but does no damage.
The hornet completely misses you. The hornet stings you.
You are poisoned.
You feel yourself slow down.
You can move again.
Unknown command.
Casting: Call Imp (safe; 6% risk of failure)
Confirm with . or Enter, or press ? or * to list all spells.
You feel very sick. The hornet stings you!
You feel as though you will be slow longer.
The hornet closely misses you.
Unknown command.
You feel sick. The hornet stings you!
You are more poisoned.
You shrug off the repeated paralysis!
Your hound completely misses the hornet.
Okay, then.
You feel better. The hornet stings you!
You suddenly lose the ability to move!
Your hound closely misses the hornet.
The hornet stings you.
* * * LOW HITPOINT WARNING * * *
You feel as though you will be slow longer.
Your hound bites the hornet but does no damage.
The hornet stings you!
* * * LOW HITPOINT WARNING * * *
You are poisoned.
You feel as though you will be slow longer.
You can move again.
You feel better.
Your hound closely misses the hornet.
The hornet stings you but does no damage.
Your hound misses the hornet. The hornet stings you!
You die...

#.......############
#...................
##........[......#
#.#....########.###
#.#...............#
#.#?...######......
###........ #......
#.....#.#.## #......
#.#h@##.#.# ###.###
#.#.y.....# #.###
#.......#.# #....
#..###### ##### #>.
#.# #. ##


You could see a hornet (ally target) and a friendly hound (summoned).

Vanquished Creatures
  Sigmund (D:3)
  Ijyb (D:3)
  An iguana (D:4)
  7 adders (D:2)
  An ufetubus (D:4)
  A worm (D:2)
  2 dart slugs
  2 orcs (D:3)
  2 endoplasms
  2 giant cockroaches
  5 goblins
  2 hobgoblins
  2 quokkas
  5 ball pythons
  7 bats
  A frilled lizard (D:1)
  5 kobolds
  4 rats
51 creatures vanquished.

Vanquished Creatures (collateral kills)
  An adder (D:3)
  4 orcs (D:3)
5 creatures vanquished.

Vanquished Creatures (others)
  A ball python (D:3)
1 creature vanquished.

Grand Total: 57 creatures vanquished

Notes
Turn   | Place    | Note
-------+----------+-------------------------------------------
     0 | D:1      | zeram the Troll Summoner began the quest for the Orb.
     0 | D:1      | Reached XP level 1. HP: 16/16 MP: 1/1
    82 | D:1      | Reached skill level 3 in Summonings
   164 | D:1      | Reached XP level 2. HP: 24/24 MP: 2/2
   259 | D:1      | Found a faded altar of an unknown god.
   771 | D:2      | Reached XP level 3. HP: 24/31 MP: 3/3
   774 | D:2      | Learned a level 2 spell: Call Imp
   948 | D:2      | Reached skill level 4 in Summonings
   948 | D:2      | Reached XP level 4. HP: 26/39 MP: 4/4
  1608 | D:3      | Noticed Sigmund
  1610 | D:3      | Noticed Ijyb
  1617 | D:3      | Killed Sigmund
  1618 | D:3      | Reached XP level 5. HP: 19/45 MP: 5/5
  1619 | D:3      | Killed Ijyb
  1620 | D:3      | Reached XP level 6. HP: 25/53 MP: 6/6
  1858 | D:3      | Found a runed translucent door.
  1865 | D:3      | Noticed jujuben's ghost (amateur OpAE)
  1902 | D:3      | Noticed Grinder
  2038 | D:4      | Learned a level 3 spell: Call Canine Familiar
  2126 | D:4      | Found a runed translucent door.
  2127 | D:4      | Noticed Crazy Yiuf
  2237 | D:4      | Noticed a hornet
  2241 | D:4      | Paralysed by a hornet for 3 turns
  2246 | D:4      | Paralysed by a hornet for 1 turns
  2247 | D:4      | Slain by a hornet

Illustrated notes

Levels and vault maps discovered:
D:1:      heliophobic_arrival_dark_side_of_the_moon, layout_basic,
          shapermc_ecumenical_altar_gd, minmay_tromino_v2
D:2:      layout_loops_ring
D:3:      layout_rooms, ebering_ghost_sewer_f, uniq_sigmund, uniq_grinder,
          uniq_ijyb
D:4:      layout_basic, portal_sewer_entry_d, uniq_crazy_yiuf_cottage

Skill      XL: |  1  2  3  4 |
---------------+-------------+-----
Summonings     | 3 4 |  4.8
Dodging        | 2 3 |  3.6
Maces & Flails | |  0.4
Stealth        | |  1.0
Spellcasting   | |  1.2
Evocations     | |  0.1

Action                   |  1- 3 |  4- 6 || total
-------------------------+-------+-------++-------
Melee: Unarmed           |    91 |    43 ||   134
       Club              |       |    40 ||    40
       Mace              |       |    29 ||    29
 Cast: Call Imp          |       |     6 ||     6
       Call Canine Famil |       |     1 ||     1
Evoke: Wand              |       |     4 ||     4
  Use: Potion            |     1 |     3 ||     4
       Scroll            |       |     7 ||     7
 Stab: Sleeping          |     1 |     1 ||     2
Armor: Robe              |    29 |    39 ||    68
       Skin              |     4 |       ||     4
Dodge: Dodged            |    46 |    78 ||   124
Block: Other             |       |     7 ||     7
